 Dungeon Crawl Stone Soup version 0.23.1 (webtiles) character file.

Game seed: 9703425502608211065

50 Descartes the Chiller (level 3, -19/20 HPs)
             Began as a Gargoyle Ice Elementalist on Mar 17, 2019.
             Demolished by an ogre
             ... wielding a +0 giant spiked club
              (26 damage)
             ... on level 2 of the Dungeon.
             The game lasted 00:04:50 (1366 turns).

Descartes the Chiller (Gargoyle Ice Elementalist)   Turns: 1366, Time: 00:04:50

Health: -19/20     AC:  5    Str: 11    XL:     3   Next: 79%
Magic:  1/6        EV: 16    Int: 16    God:
Gold:   27         SH:  0    Dex: 10    Spells: 2/6 levels left

rFire    . . .     SeeInvis .     - Unarmed
rCold    . . .     Gourm    .   (no shield)
rNeg     + . .     Faith    .   a - +0 robe
rPois    ∞         Spirit   .   (no helmet)
rElec    +         Reflect  .   (no cloak)
rCorr    .         Harm     .   (no gloves)
MR       .....                  (no boots)
Stlth    ++........             (no amulet)
HPRegen  0.06/turn              d - +4 ring of evasion
MPRegen  0.10/turn              (no ring)

@: very slightly contaminated
A: negative energy resistance 1, electricity resistance, unbreathing,
petrification resistance, rot immunity, AC +3
a: no special abilities


You were on level 2 of the Dungeon.
You were not hungry.

You visited 1 branch of the dungeon, and saw 2 of its levels.

You collected 27 gold pieces.

Inventory:

Hand Weapons
 o - a +0 hunting sling
Missiles
 e - 5 bolts
 h - 16 arrows
 k - 7 tomahawks of returning (quivered)
 l - 3 needles of confusion
 p - 17 sling bullets
Armour
 a - a +0 robe (worn)
Jewellery
 d - a +4 ring of evasion (left hand)
 f - a cursed amulet of guardian spirit {unknown}
Scrolls
 j - a scroll of fear {unknown}
 n - a scroll of enchant weapon {unknown}
Potions
 g - a potion of mutation {unknown}
 i - a potion of flight {unknown}
 m - a potion of magic {unknown}
Comestibles
 b - 8 chunks of flesh
 c - 3 rations


   Skills:
 + Level 0.8 Fighting
 * Level 2.1 Dodging
 - Level 2.1 Stealth
 * Level 1.3 Unarmed Combat
 * Level 2.4 Spellcasting
   Level 1.1 Conjurations
 * Level 3.3 Ice Magic


You had 2 spell levels left.
You knew the following spells:

 Your Spells              Type           Power        Failure   Level  Hunger
a - Freeze                Ice            ##..         4%          1    #......
b - Ozocubu's Armour      Chrm/Ice       #.......     30%         3    ###....

Your spell library contained the following spells:

 Spells                   Type           Power        Failure   Level  Hunger
 Throw Frost              Conj/Ice       #.....       12%         2    ###....
 Throw Icicle             Conj/Ice       #.......     61%         4    #####..
 Summon Ice Beast         Ice/Summ       #.......     69%         4    #####..


Dungeon Overview and Level Annotations

Branches:
Dungeon (2/15)

Altars:
Makhleb


Innate Abilities, Weirdness & Mutations

You are resistant to torment.
Your stone body is resilient. (AC +3)
You are immune to poison.
You resist negative energy. (rN+)
You are resistant to electric shocks. (rElec)
You can survive without breathing.
You are immune to petrification.
You are immune to rotting.


Message History

You freeze the adder.
You kill the adder!
The ogre hits you with a +0 giant spiked club.
Casting: Freeze (safe; 4% risk of failure)
Confirm with . or Enter, or press ? or * to list all spells.
Aiming: Freeze (safe; 4% risk of failure)
Press: ? - help, Shift-Dir - straight line, f - ogre
Aim: an ogre, wielding a +0 giant spiked club (heavily wounded)
You freeze the ogre.
The ogre is heavily wounded.
The hobgoblin barely misses you.
You barely miss the ogre.
The ogre is heavily wounded.
The ogre misses you. The hobgoblin barely misses you.
You hit the ogre but do no damage.
The ogre is heavily wounded.
The hobgoblin closely misses you.
The ogre hits you with a +0 giant spiked club!!
Ouch! That really hurt!
You die...

.#.. _# #)# #..... ...#.
.#####.########..... ...!.
.#.......##.......). ......
##.#.......##.........
..#...##..#.......##.........
..O..[.#..........##.........
#.O..###.##..............
##<#g#.#O##......########
###...#@.#......#
###.##g#......# #.S..#......#
####...###### ....# .#..# ..
.># ## ###


You could see an ogre and a hobgoblin.

Vanquished Creatures
  An adder (D:2)
  2 oozes
  2 dart slugs
  A ball python (D:1)
  2 bats (D:1)
  2 giant cockroaches
  6 goblins
  5 hobgoblins
  A kobold (D:1)
  A frilled lizard (D:1)
  2 rats
25 creatures vanquished.

Notes
Turn   | Place    | Note
-------+----------+-------------------------------------------
     0 | D:1      | Descartes the Gargoyle Ice Elementalist began the quest for
                  | the Orb.
     0 | D:1      | Reached XP level 1. HP: 10/10 MP: 3/3
   194 | D:1      | Reached XP level 2. HP: 13/15 MP: 5/5
   647 | D:1      | Reached skill level 1 in Unarmed Combat
   647 | D:1      | Reached XP level 3. HP: 11/20 MP: 3/6
  1215 | D:2      | Learned a level 3 spell: Ozocubu's Armour
  1339 | D:2      | Found a burning altar of Makhleb.
  1340 | D:2      | Noticed an ogre
  1366 | D:2      | Demolished by an ogre

Skill      XL: |  1  2  3 |
---------------+----------+-----
Unarmed Combat | 1 |  1.3
Dodging        | 2 |  2.1
Fighting       | |  0.8
Stealth        | |  2.1
Spellcasting   | |  2.4
Conjurations   | |  1.1
Ice Magic      | |  3.3

Action                   || total
-------------------------++-------
Melee: Unarmed           ||   151
 Cast: Freeze            ||    21
 Stab: Sleeping          ||     1
  Eat: Chunk             ||     2
Armor: Robe              ||    29
Dodge: Dodged            ||   131
